| TOP OF THE 1ST |
|
Columbus Reds batting - Pitching for New Jersey Devils : RHP Aaron Marcum
|
|
Pitching: RHP Aaron Marcum
|
|
|
Batting: RHB Alex Nagera
|
0-0: Ground out 4-3 (Groundball, 4, EV 86.9 MPH)
|
|
Batting: RHB Ruben Cantu
|
0-0: Called Strike 0-1: Ball 1-1: Ball 2-1: Ball 3-1: Ground out 5-3 (Groundball, 56S, EV 86.2 MPH)
|
|
Batting: LHB Jamie Spangenberg
|
0-0: Called Strike 0-1: Called Strike 0-2: Ball 1-2: Fly out, F8 (Flyball, 78D, EV 105.6 MPH)
|
| Top of the 1st over - 0 runs, 0 hits, 0 errors, 0 left on base; Columbus 0 - New Jersey 0 |
| BOTTOM OF THE 1ST |
|
New Jersey Devils batting - Pitching for Columbus Reds : LHP Brett Blevins
|
|
Pitching: LHP Brett Blevins
|
|
|
Batting: RHB Eric Zylstra
|
0-0: Ball 1-0: Ball 2-0: Ball 3-0: Base on Balls
|
|
Batting: RHB Jacob Olander
|
0-0: Foul Ball, location: 2F 0-1: Ball 1-1: Ball 2-1: Foul Ball, location: 2F 2-2: Fly out, F8 (Flyball, 78D, EV 78.8 MPH)
|
|
Batting: RHB Warren Carmichael
|
0-0: Ball Eric Zylstra steals 2nd base 1-0: SINGLE (Line Drive, 9S, EV 88.1 MPH) Eric Zylstra to third Runner from 3rd tries for Home, throw by RF and OUT! 9-2 Warren Carmichael to second
|
|
Batting: LHB Randolph Brodbeck
|
0-0: Ball 1-0: SINGLE (Groundball, 56D, EV 106.9 MPH) Warren Carmichael to third Runner from 3rd tries for Home, SAFE, throw by LF to home
|
|
Batting: RHB Kyle Verkamp
|
0-0: Foul Ball, location: 2F Pickoff Throw to First - Error! E1 Randolph Brodbeck to second 0-1: Called Strike 0-2: Foul Ball, location: 2F 0-2: Ball 1-2: Ball 2-2: Ground out 4-3 (Groundball, 4, EV 81.9 MPH)
|
| Bottom of the 1st over - 1 run, 2 hits, 1 error, 1 left on base; Columbus 0 - New Jersey 1 |
| TOP OF THE 2ND |
|
Columbus Reds batting - Pitching for New Jersey Devils : RHP Aaron Marcum
|
|
Batting: LHB Armando Arellano
|
0-0: Ball 1-0: Foul Ball, location: 2F 1-1: Ball 2-1: Ball 3-1: Base on Balls
|
|
Batting: LHB Mike Becerra
|
0-0: Called Strike 0-1: Swinging Strike 0-2: Ball 1-2: Ball 2-2: Ball 3-2: Strikes out swinging
|
|
Batting: SHB Sal Esparza
|
0-0: Ball 1-0: Ball 2-0: Called Strike 2-1: SINGLE (Groundball, 4D, EV 98.8 MPH) Armando Arellano to second
|
|
Batting: RHB Emanuel Estrada
|
0-0: Ball 1-0: Called Strike 1-1: Swinging Strike 1-2: Foul Ball, location: 2F 1-2: Ball 2-2: Foul Ball, location: 2F 2-2: Strikes out swinging
|
|
Batting: RHB Jimmy Geddes
|
0-0: Called Strike 0-1: Ball 1-1: Called Strike 1-2: Foul Ball, location: 2F 1-2: Ball 2-2: Ball 3-2: Strikes out swinging
|
| Top of the 2nd over - 0 runs, 1 hit, 0 errors, 2 left on base; Columbus 0 - New Jersey 1 |
| BOTTOM OF THE 2ND |
|
New Jersey Devils batting - Pitching for Columbus Reds : LHP Brett Blevins
|
|
Batting: LHB Rick Vallis
|
0-0: Ball 1-0: Ball 2-0: Called Strike 2-1: Called Strike 2-2: Strikes out swinging
|
|
Batting: RHB Sergio Andrada
|
0-0: SINGLE (Line Drive, 4MD, EV 96.9 MPH)
|
|
Batting: RHB Craig Alvarado
|
0-0: Foul Ball, location: 2F 0-1: Called Strike 0-2: Ball 1-2: Strikes out swinging
|
|
Batting: RHB Oscar Ramirez
|
0-0: Called Strike 0-1: Ball 1-1: Ball 2-1: Called Strike 2-2: Foul Ball, location: 2F 2-2: Strikes out looking
|
| Bottom of the 2nd over - 0 runs, 1 hit, 0 errors, 1 left on base; Columbus 0 - New Jersey 1 |
| TOP OF THE 3RD |
|
Columbus Reds batting - Pitching for New Jersey Devils : RHP Aaron Marcum
|
|
Batting: RHB Cornholdo Schwerin
|
0-0: Ball 1-0: Ball 2-0: Fly out, F8 (Flyball, 8LXD, EV 85.6 MPH)
|
|
Batting: RHB Alex Nagera
|
0-0: Ball 1-0: Called Strike 1-1: Called Strike 1-2: Ball 2-2: Foul Ball, location: 2F 2-2: Strikes out swinging
|
|
Batting: RHB Ruben Cantu
|
0-0: Fly out, F9 (Flyball, 9D, EV 82.5 MPH)
|
| Top of the 3rd over - 0 runs, 0 hits, 0 errors, 0 left on base; Columbus 0 - New Jersey 1 |
| BOTTOM OF THE 3RD |
|
New Jersey Devils batting - Pitching for Columbus Reds : LHP Brett Blevins
|
|
Batting: RHB Eric Zylstra
|
0-0: SINGLE (Flyball, 6D, EV 87.5 MPH)
|
|
Batting: RHB Jacob Olander
|
0-0: Called Strike 0-1: Swinging Strike 0-2: Ball 1-2: Ball 2-2: Foul Ball, location: 2F 2-2: Foul Ball, location: 2F 2-2: Strikes out swinging
|
|
Batting: RHB Warren Carmichael
|
0-0: Called Strike Eric Zylstra is caught stealing 2nd base 2-4 0-1: Called Strike 0-2: Ball 1-2: Strikes out swinging
|
| Bottom of the 3rd over - 0 runs, 1 hit, 0 errors, 0 left on base; Columbus 0 - New Jersey 1 |
| TOP OF THE 4TH |
|
Columbus Reds batting - Pitching for New Jersey Devils : RHP Aaron Marcum
|
|
Batting: LHB Jamie Spangenberg
|
0-0: Ball 1-0: SINGLE (Groundball, 4M, EV 86.2 MPH) (infield hit)
|
|
Batting: LHB Armando Arellano
|
0-0: Swinging Strike 0-1: Ball 1-1: Ball 2-1: Foul Ball, location: 2F 2-2: Foul Ball, location: 2F 2-2: Foul Ball, location: 2F 2-2: Ball 3-2: Fly out, F9 (Flyball, 89M, EV 91.2 MPH)
|
|
Batting: LHB Mike Becerra
|
0-0: Called Strike 0-1: Ball 1-1: Ball 2-1: Fly out, F6 (Popup, 6M, EV 67.5 MPH)
|
|
Batting: SHB Sal Esparza
|
0-0: Ball 1-0: Ball 2-0: Called Strike 2-1: Ball 3-1: Fielders Choice at 2nd, U6 (Groundball, 6M, EV 77.5 MPH)
|
| Top of the 4th over - 0 runs, 1 hit, 0 errors, 1 left on base; Columbus 0 - New Jersey 1 |
| BOTTOM OF THE 4TH |
|
New Jersey Devils batting - Pitching for Columbus Reds : LHP Brett Blevins
|
|
Batting: LHB Randolph Brodbeck
|
0-0: Ball 1-0: Swinging Strike 1-1: Ball 2-1: Ball 3-1: Fly out, F6 (Popup, 4M, EV 55.0 MPH)
|
|
Batting: RHB Kyle Verkamp
|
0-0: Called Strike 0-1: SINGLE (Groundball, 6MD, EV 98.1 MPH)
|
|
Batting: LHB Rick Vallis
|
0-0: Ball 1-0: Ball 2-0: Called Strike 2-1: SINGLE (Groundball, 34D, EV 95.0 MPH) Kyle Verkamp to second Runner from 2nd tries for 3rd, SAFE, throw by RF made to third
|
|
Batting: RHB Sergio Andrada
|
0-0: Ball 1-0: Ball 2-0: Ball 3-0: Base on Balls Rick Vallis to second
|
|
Batting: RHB Craig Alvarado
|
0-0: Called Strike 0-1: Foul Ball, location: 2F 0-2: Ball 1-2: Foul Ball, location: 2F 1-2: DOUBLE (Line Drive, 89D, EV 110.6 MPH) Kyle Verkamp scores Rick Vallis scores Sergio Andrada to third
|
|
Batting: RHB Oscar Ramirez
|
0-0: Called Strike 0-1: Swinging Strike 0-2: Ball 1-2: Foul Ball, location: 2F 1-2: Strikes out swinging
|
|
Batting: RHB Eric Zylstra
|
0-0: Foul Ball, location: 2F 0-1: Called Strike 0-2: Foul Ball, location: 2F 0-2: Ball 1-2: Fly out, F7 (Line Drive, 7LS, EV 91.9 MPH)
|
| Bottom of the 4th over - 2 runs, 3 hits, 0 errors, 2 left on base; Columbus 0 - New Jersey 3 |
| TOP OF THE 5TH |
|
Columbus Reds batting - Pitching for New Jersey Devils : RHP Aaron Marcum
|
|
Batting: RHB Emanuel Estrada
|
0-0: Ball 1-0: Ball 2-0: Swinging Strike 2-1: Fly out, F9 (Flyball, 9, EV 83.8 MPH)
|
|
Batting: RHB Jimmy Geddes
|
0-0: Ball 1-0: Ball 2-0: Ball 3-0: Base on Balls
|
|
Batting: RHB Cornholdo Schwerin
|
0-0: Called Strike 0-1: Ball 1-1: Swinging Strike 1-2: Strikes out looking
|
|
Batting: RHB Alex Nagera
|
0-0: Ball 1-0: Swinging Strike 1-1: Ball 2-1: Ball 3-1: Foul Ball, location: 2F 3-2: Foul Ball, location: 2F 3-2: Ground out 6-3 (Groundball, 6M, EV 76.9 MPH)
|
| Top of the 5th over - 0 runs, 0 hits, 0 errors, 1 left on base; Columbus 0 - New Jersey 3 |
| BOTTOM OF THE 5TH |
|
New Jersey Devils batting - Pitching for Columbus Reds : LHP Brett Blevins
|
|
Batting: RHB Jacob Olander
|
0-0: Called Strike 0-1: Ball 1-1: Ball 2-1: Swinging Strike 2-2: Foul Ball, location: 2F 2-2: Foul Ball, location: 2F 2-2: Foul Ball, location: 2F 2-2: Strikes out swinging
|
|
Batting: RHB Warren Carmichael
|
0-0: Called Strike 0-1: Foul Ball, location: 2F 0-2: SOLO HOME RUN (Flyball, 78XD, EV 106.2 MPH), Distance : 412 ft
|
|
Batting: LHB Randolph Brodbeck
|
0-0: Ball 1-0: Called Strike 1-1: Ball 2-1: Ball 3-1: Foul Ball, location: 2F 3-2: Ground out 4-3 (Groundball, 4, EV 91.2 MPH)
|
|
Batting: RHB Kyle Verkamp
|
0-0: Ball 1-0: Swinging Strike 1-1: Foul Ball, location: 2F 1-2: SOLO HOME RUN (Flyball, 9LD, EV 90.6 MPH), Distance : 345 ft
|
|
Batting: LHB Rick Vallis
|
0-0: Ball 1-0: Ball 2-0: Called Strike 2-1: Foul Ball, location: 2F 2-2: Fly out, F7 (Flyball, 78M, EV 83.1 MPH)
|
| Bottom of the 5th over - 2 runs, 2 hits, 0 errors, 0 left on base; Columbus 0 - New Jersey 5 |
| TOP OF THE 6TH |
|
Columbus Reds batting - Pitching for New Jersey Devils : RHP Aaron Marcum
|
|
Batting: RHB Ruben Cantu
|
0-0: SINGLE (Line Drive, 8LS, EV 103.8 MPH)
|
|
Batting: LHB Jamie Spangenberg
|
0-0: Grounds into double play, 6-4-3 (Groundball, 6, EV 91.9 MPH)
|
|
Batting: LHB Armando Arellano
|
0-0: Called Strike 0-1: Ball 1-1: Called Strike 1-2: Strikes out looking
|
| Top of the 6th over - 0 runs, 1 hit, 0 errors, 0 left on base; Columbus 0 - New Jersey 5 |
| BOTTOM OF THE 6TH |
|
New Jersey Devils batting - Pitching for Columbus Reds : LHP Brett Blevins
|
|
Pitching: RHP Toyohiro Nakagawa
|
|
|
Batting: RHB Sergio Andrada
|
0-0: Ball 1-0: Ball 2-0: Ball 3-0: Called Strike 3-1: Ground out 6-3 (Groundball, 56, EV 81.9 MPH)
|
|
Batting: RHB Craig Alvarado
|
0-0: Called Strike 0-1: Ball 1-1: Ball 2-1: Ball 3-1: Swinging Strike 3-2: Foul Ball, location: 2F 3-2: Foul Ball, location: 2F 3-2: Strikes out swinging
|
|
Batting: RHB Oscar Ramirez
|
0-0: Ball 1-0: Called Strike 1-1: Fly out, F7 (Flyball, 78D, EV 106.9 MPH)
|
| Bottom of the 6th over - 0 runs, 0 hits, 0 errors, 0 left on base; Columbus 0 - New Jersey 5 |
| TOP OF THE 7TH |
|
Columbus Reds batting - Pitching for New Jersey Devils : RHP Aaron Marcum
|
|
Batting: LHB Mike Becerra
|
0-0: Swinging Strike 0-1: Called Strike 0-2: Ground out U3 (Groundball, 3S, EV 81.9 MPH)
|
|
Batting: SHB Sal Esparza
|
0-0: Foul Ball, location: 2F 0-1: Ground out 5-3 (Groundball, 5, EV 86.2 MPH)
|
|
Batting: RHB Emanuel Estrada
|
0-0: Called Strike 0-1: SINGLE (Line Drive, 8RS, EV 93.8 MPH)
|
|
Batting: RHB Jimmy Geddes
|
0-0: Ball 1-0: Called Strike 1-1: Called Strike 1-2: Strikes out swinging, 2-3 out at first.
|
| Top of the 7th over - 0 runs, 1 hit, 0 errors, 1 left on base; Columbus 0 - New Jersey 5 |
| BOTTOM OF THE 7TH |
|
New Jersey Devils batting - Pitching for Columbus Reds : RHP Toyohiro Nakagawa
|
|
Batting: RHB Eric Zylstra
|
0-0: Called Strike 0-1: Ball 1-1: Foul Ball, location: 2F 1-2: Ball 2-2: Strikes out looking
|
|
Batting: RHB Jacob Olander
|
0-0: Swinging Strike 0-1: SINGLE (Groundball, 6MD, EV 98.1 MPH)
|
|
Batting: RHB Warren Carmichael
|
0-0: Foul Ball, location: 2F 0-1: Fly out, F9 (Flyball, 89M, EV 94.4 MPH)
|
|
Batting: LHB Randolph Brodbeck
|
0-0: Fly out, F9 (Flyball, 9LM, EV 80.0 MPH)
|
| Bottom of the 7th over - 0 runs, 1 hit, 0 errors, 1 left on base; Columbus 0 - New Jersey 5 |
| TOP OF THE 8TH |
|
Columbus Reds batting - Pitching for New Jersey Devils : RHP Aaron Marcum
|
|
Pinch Hitting: RHB Ed Santibanez
|
0-0: SINGLE (Line Drive, 3D, EV 101.2 MPH)
|
|
Batting: RHB Alex Nagera
|
0-0: Swinging Strike 0-1: SINGLE (Groundball, 34D, EV 104.4 MPH) Ed Santibanez to second Runner from 2nd tries for 3rd, SAFE, throw by RF made to third
|
|
Batting: RHB Ruben Cantu
|
0-0: Foul Ball, location: 2F 0-1: Foul Ball, location: 2F 0-2: Foul Ball, location: 2F 0-2: Fly out, F9 (Flyball, 9D, EV 96.2 MPH) Runner from 3rd tags up, SCORES, no throw by RF
|
|
Pitching: RHP Mike Whitaker
|
|
|
Batting: LHB Jamie Spangenberg
|
0-0: Called Strike 0-1: Fly out, F8 (Line Drive, 8RM, EV 95.6 MPH)
|
|
Batting: LHB Armando Arellano
|
0-0: Foul Ball, location: 2F 0-1: Called Strike 0-2: Ball 1-2: Ball 2-2: Strikes out swinging
|
| Top of the 8th over - 1 run, 2 hits, 0 errors, 1 left on base; Columbus 1 - New Jersey 5 |
| BOTTOM OF THE 8TH |
|
New Jersey Devils batting - Pitching for Columbus Reds : RHP Toyohiro Nakagawa
|
|
Now in LF: Ed Santibanez
|
|
|
Now in CF: Emanuel Estrada
|
|
|
Batting: RHB Kyle Verkamp
|
0-0: Foul Ball, location: 2F 0-1: Foul Ball, location: 2F 0-2: Ball 1-2: Ground out 4-3 (Groundball, 34, EV 93.1 MPH)
|
|
Pitching: RHP Eudaldo Cuyco
|
|
|
Batting: LHB Rick Vallis
|
0-0: Ball 1-0: Foul Ball, location: 2F 1-1: Ball 2-1: Called Strike 2-2: Strikes out swinging
|
|
Batting: RHB Sergio Andrada
|
0-0: Swinging Strike 0-1: Ball 1-1: Fly out, F7 (Line Drive, 78S, EV 98.1 MPH)
|
| Bottom of the 8th over - 0 runs, 0 hits, 0 errors, 0 left on base; Columbus 1 - New Jersey 5 |
| TOP OF THE 9TH |
|
Columbus Reds batting - Pitching for New Jersey Devils : RHP Mike Whitaker
|
|
Pinch Hitting: RHB Steve Hansen
|
0-0: Ball 1-0: Swinging Strike 1-1: Swinging Strike 1-2: Ground out 4-3 (Groundball, 4, EV 83.8 MPH)
|
|
Batting: SHB Sal Esparza
|
0-0: Foul Ball, location: 2F 0-1: Ball 1-1: Ball 2-1: Ball 3-1: SINGLE (Line Drive, 34D, EV 95.6 MPH)
|
|
Batting: RHB Emanuel Estrada
|
0-0: Ball 1-0: Called Strike 1-1: SINGLE (Line Drive, 34D, EV 103.8 MPH) Sal Esparza to second
|
|
Pitching: RHP Ken Tayo
|
|
|
Batting: RHB Jimmy Geddes
|
0-0: SINGLE (Line Drive, 8LS, EV 105.0 MPH) Sal Esparza to third Emanuel Estrada to second
|
|
Batting: RHB Ed Santibanez
|
0-0: Called Strike 0-1: DOUBLE (Line Drive, 7LD, EV 112.5 MPH) Sal Esparza scores Emanuel Estrada scores Jimmy Geddes to third
|
|
Batting: RHB Alex Nagera
|
0-0: Swinging Strike 0-1: Ball 1-1: Fly out, F8 (Flyball, 8LM, EV 96.2 MPH)
|
|
Batting: RHB Ruben Cantu
|
0-0: Ball 1-0: Ball 2-0: Ball 3-0: Base on Balls
|
|
Batting: LHB Jamie Spangenberg
|
0-0: Swinging Strike 0-1: Called Strike 0-2: Ball 1-2: Ball 2-2: Ball 3-2: Foul Ball, location: 2F 3-2: Foul Ball, location: 2F 3-2: Base on Balls Jimmy Geddes scores Ed Santibanez to third Ruben Cantu to second
|
|
Batting: LHB Armando Arellano
|
0-0: Called Strike 0-1: Ball 1-1: Swinging Strike 1-2: Ball 2-2: Strikes out swinging
|
| Top of the 9th over - 3 runs, 4 hits, 0 errors, 3 left on base; Columbus 4 - New Jersey 5 |
|